 Dungeon Crawl Stone Soup version 0.19.6-3-g7d5932f76a (webtiles) character file.

4 EnegeticOcto the Conjurer (level 1, -3/11 HPs)
             Began as a High Elf Conjurer on Feb 8, 2021.
             Killed from afar by EnegeticOcto's ghost (8 damage)
             ... with a magic dart
             ... on level 3 of the Dungeon.
             The game lasted 00:00:43 (137 turns).

EnegeticOcto the Conjurer (High Elf Conjurer)        Turns: 137, Time: 00:00:44

Health: -3/11      AC:  2    Str:  7    XL:     1   Next: 58%
Magic:  0/4        EV: 13    Int: 18    God:
Gold:   27         SH:  0    Dex: 15    Spells: 1 memorised, 3 levels left

rFire  . . .     SeeInvis .     (no weapon)
rCold  . . .     Gourm    .     a - +0 robe
rNeg   . . .     Faith    .     (no shield)
rPois  .         Spirit   .     (no helmet)
rElec  .         Reflect  .     (no cloak)
rCorr  .         Harm     .     (no gloves)
MR     .....                    (no boots)
Stlth  ++........               (no amulet)
                                (no ring)
                                (no ring)

@: no status effects
A: no striking features
a: no special abilities


You were on level 3 of the Dungeon.
You were not hungry.

You visited 1 branch of the dungeon, and saw 3 of its levels.

You collected 27 gold pieces.

Inventory:

Armour
 a - a +0 robe (worn)
Potions
 d - a potion of cure mutation {unknown}
Books
 b - a book of Conjurations

   Spells                             Type                      Level
   a - Magic Dart                     Conjuration                  1
   b - Searing Ray                    Conjuration                  2
   c - Dazzling Spray                 Conjuration/Hexes            3
   d - Fulminant Prism                Conjuration/Hexes            4
   e - Iskenderun's Mystic Blast      Conjuration                  4
   f - Iskenderun's Battlesphere      Conjuration/Charms           5
Comestibles
 c - a bread ration
 f - a meat ration


   Skills:
 - Level 2.1 Dodging
 - Level 2.1 Stealth
 - Level 2.4 Spellcasting
 + Level 4.7 Conjurations


You had 3 spell levels left.
You knew the following spells:

 Your Spells              Type           Power        Failure   Level  Hunger
a - Magic Dart            Conj           ###.         2%          1    #......


Dungeon Overview and Level Annotations

Branches:
Dungeon (3/15)

Altars:
Xom

Annotations:
D:3 EnegeticOcto's ghost, weakling HECj


Message History

Aim: a dart slug (lightly wounded, clinging)
The magic dart hits the dart slug.
The dart slug is lightly wounded.
The dart slug launches a dart at you. The slug dart hits you!
The teleport trap disappears.
The dart slug disappears!
There is a stone staircase leading up here.
You climb upwards.
A bat comes into view.
There is a stone staircase leading down here.
Casting: Magic Dart
Confirm with . or Enter, or press ? or * to list all spells.
Aiming: Magic Dart
Press: ? - help, Shift-Dir - straight line, f - bat
Aim: a bat (resting)
The magic dart hits the bat.
You kill the bat!
There is a stone staircase leading down here.
(D) Dungeon
Where to? (? - help)
You climb downwards.
There is a stone staircase leading up here.
Found a stone staircase leading down.
There is a stone staircase leading down here.
Casting: Magic Dart
Confirm with . or Enter, or press ? or * to list all spells.
Aiming: Magic Dart
Press: ? - help, Shift-Dir - straight line, f - dart slug
Aim: a dart slug The magic dart hits the dart slug.
The dart slug is heavily wounded.
Casting: Magic Dart
Confirm with . or Enter, or press ? or * to list all spells.
Aiming: Magic Dart
Press: ? - help, Shift-Dir - straight line, f/p - dart slug
Aim: a dart slug (heavily wounded, clinging)
The magic dart hits the dart slug.
The dart slug is almost dead.
Casting: Magic Dart
Confirm with . or Enter, or press ? or * to list all spells.
Aiming: Magic Dart
Press: ? - help, Shift-Dir - straight line, f/p - dart slug
Aim: a dart slug (almost dead, clinging)
The magic dart hits the dart slug.
You kill the dart slug!
You see here a dart slug corpse.
A dart slug comes into view.
(D) Dungeon
Where to? (Enter - D:2, ? - help)
There is a stone staircase leading down here.
You climb downwards.
There is a stone staircase leading up here.
Magic restored.
Found 11 gold pieces.
You now have 27 gold pieces (gained 11).
A goblin and a player ghost come into view.
The goblin shouts!
EnegeticOcto's ghost turns its malevolent gaze towards you.
EnegeticOcto's ghost shouts, "What do you have that I didn't have?"
Press: ? - help, v - describe, . - travel
Here: EnegeticOcto's ghost The floor.
Casting: Magic Dart
Confirm with . or Enter, or press ? or * to list all spells.
Aiming: Magic Dart
Press: ? - help, Shift-Dir - straight line, f - EnegeticOcto's ghost
Aim: EnegeticOcto's ghost The magic dart hits EnegeticOcto's ghost.
EnegeticOcto's ghost is lightly damaged.
EnegeticOcto's ghost closely misses you.
A giant cockroach comes into view.
Casting: Magic Dart
Confirm with . or Enter, or press ? or * to list all spells.
Aiming: Magic Dart
Press: ? - help, Shift-Dir - straight line, f/p - EnegeticOcto's ghost
Aim: EnegeticOcto's ghost (lightly damaged)
The magic dart hits EnegeticOcto's ghost.
EnegeticOcto's ghost is moderately damaged.
EnegeticOcto's ghost barely misses you.
Casting: Magic Dart
Confirm with . or Enter, or press ? or * to list all spells.
Aiming: Magic Dart
Press: ? - help, Shift-Dir - straight line, f/p - EnegeticOcto's ghost
Aim: EnegeticOcto's ghost (moderately damaged)
The magic dart hits EnegeticOcto's ghost.
EnegeticOcto's ghost is moderately damaged.
EnegeticOcto's ghost gestures at you while chanting.
The magic dart hits you!
Ouch! That really hurt!
Casting: Magic Dart
Confirm with . or Enter, or press ? or * to list all spells.
Aiming: Magic Dart
Press: ? - help, Shift-Dir - straight line, f/p - EnegeticOcto's ghost
Aim: EnegeticOcto's ghost (moderately damaged)
The magic dart hits EnegeticOcto's ghost.
EnegeticOcto's ghost is moderately damaged.
EnegeticOcto's ghost casts a spell at you.
The magic dart hits you!
Ouch! That really hurt!
You die...

#
####s#..#
#.@Wg...#
#.###..##
###.###..#
#........#
#.#.####.#
#........#
###.######
#.# #.#


You could see EnegeticOcto's ghost, a giant cockroach and a goblin.

Vanquished Creatures
  A dart slug (D:2)
  A bat (D:1)
  A rat (D:2)
3 creatures vanquished.

Notes
Turn   | Place    | Note
-------+----------+-------------------------------------------
     0 | D:1      | EnegeticOcto the High Elf Conjurer began the quest for the Orb.
     0 | D:1      | Reached XP level 1. HP: 11/11 MP: 4/4
    46 | D:2      | Found a shimmering altar of Xom.
    46 | D:2      | Found a shimmering altar of Xom.
    47 | D:2      | Found a shimmering altar of Xom.
   132 | D:3      | Noticed EnegeticOcto's ghost (weakling HECj)
   137 | D:3      | Killed from afar by EnegeticOcto's ghost

Action                   || total
-------------------------++-------
 Cast: Magic Dart        ||    11
Dodge: Dodged            ||     2
